 Dungeon Crawl Stone Soup version 0.20.0-15-g7f486f2 (webtiles) character file.

147 skittles the Firebug (level 5, 0/38 HPs)
             Began as a Draconian Fire Elementalist on June 19, 2017.
             Killed from afar by Ijyb (10 damage)
             ... with a wand of flame (?/48)
             ... on level 3 of the Dungeon.
             The game lasted 00:07:34 (2097 turns).

skittles the Firebug (Draconian Fire Elementalist)  Turns: 2097, Time: 00:07:35

Health: 0/38       AC:  6    Str:  8 (10) XL:     5   Next: 8%
Magic:  1/9        EV: 12    Int: 14 (16) God:
Gold:   43         SH:  0    Dex: 10 (12) Spells: 6/10 levels left

rFire    . . .     SeeInvis .   g - -2 spear (curse)
rCold    . . .     Gourm    .   (no shield)
rNeg     . . .     Faith    .   (armour unavailable)
rPois    .         Spirit   .   (helmet restricted)
rElec    .         Reflect  .   i - +0 cloak
rCorr    .         Harm     .   (no gloves)
MR       .....                  (no boots)
Stlth    ++........             (no amulet)
Regen    0.2/turn               (no ring)
MPRegen  0.2/turn               (no ring)

@: flying
A: unfitting armour, cold-blooded, AC +5
a: no special abilities


You were on level 3 of the Dungeon.
You were not hungry.

You visited 1 branch of the dungeon, and saw 3 of its levels.

You collected 43 gold pieces.

Inventory:

Hand Weapons
 c - a +0 whip of freezing
 f - a +0 war axe
 g - a cursed -2 spear (weapon)
 h - a +3 quarterstaff of chaos
 j - a +0 mace of holy wrath
Armour
 i - a +0 cloak (worn)
Scrolls
 l - a scroll of remove curse {unknown}
Potions
 d - a potion of flight
Books
 a - a book of Flames

   Spells                             Type                      Level
   a - Flame Tongue                   Conjuration/Fire             1
   b - Throw Flame                    Conjuration/Fire             2
   c - Conjure Flame                  Conjuration/Fire             3
   d - Inner Flame                    Hexes/Fire                   3
   e - Sticky Flame                   Conjuration/Fire             4
   f - Fireball                       Conjuration/Fire             5
Comestibles
 b - a bread ration
 k - 7 chunks of flesh


   Skills:
 - Level 1.7 Dodging
 - Level 1.7 Stealth
 + Level 3.1 Spellcasting
 + Level 3.0 Conjurations
 + Level 4.1 Fire Magic


You had 6 spell levels left.
You knew the following spells:

 Your Spells              Type           Power        Failure   Level  Hunger
a - Flame Tongue          Conj/Fire      ##...        4%          1    #......
b - Conjure Flame         Conj/Fire      ##......     14%         3    ###....


Dungeon Overview and Level Annotations

Branches:
Dungeon (3/15)

Altars:

Portals:
Sewer: D:3

Annotations:
D:3 Ijyb


Innate Abilities, Weirdness & Mutations

Your plain brown scales are hard. (AC +5)
You cannot fit into any form of body armour.
You are cold-blooded and may be slowed by cold attacks.


Message History

You feel very buoyant.
You fly up into the air.
Ijyb hits you but does no damage.
It was a potion of degeneration.
There was something very wrong with that liquid.
You feel weakened.
You feel dopey.
You feel clumsy. Ijyb barely misses you.
Casting: Flame Tongue
Confirm with . or Enter, or press ? or * to list all spells.
You don't have enough magic to cast that spell.
You hit Ijyb but do no damage.
Ijyb is almost dead.
Ijyb completely misses you.
You hit Ijyb but do no damage.
Your tail-slap misses Ijyb.
Ijyb is almost dead.
You hear the slow rusting of a drain nearby.
Ijyb hits you but does no damage.
You barely miss Ijyb.
Ijyb is almost dead.
Ijyb zaps a wand.
The puff of flame hits you!
You die...

#. .#..# .##.#.# .....
#...# #. #.# #...#
##.######.####...#
.)...≈..........#
.#.#.##≈≈.≈≈##...#######
.#.#.##≈≈.≈≈##..@[.....#
.....≈≈.....≈≈.(g......#
#...≈≈.....≈≈.........#
.#...≈÷..∩..≈≈...#.###.#
...<.[≈....≈≈≈.....# #
###..≈≈≈....≈≈...#.#
#..##≈≈≈≈≈##...#.#
#..##≈≈≈≈≈##...# #
#.$..............


You could see Ijyb.

Vanquished Creatures
  Crazy Yiuf (D:2)
  Terence (D:3)
  3 adders
  3 oozes
  2 worms (D:2)
  2 dart slugs
  2 leopard geckos (D:1)
  A ball python (D:3)
  8 bats
  A giant cockroach (D:1)
  5 goblins
  5 hobgoblins
  3 jackals (D:2)
  3 kobolds
  4 rats
44 creatures vanquished.

Notes
Turn   | Place    | Note
-------+----------+-------------------------------------------
     0 | D:1      | skittles the Draconian Fire Elementalist began the quest for the Orb.
     0 | D:1      | Reached XP level 1. HP: 14/14 MP: 3/3
   137 | D:1      | Reached XP level 2. HP: 12/20 MP: 0/5
   793 | D:1      | Reached XP level 3. HP: 26/26 MP: 1/6
  1557 | D:2      | Reached XP level 4. HP: 33/33 MP: 6/8
  1566 | D:2      | Found a runed door.
  1604 | D:2      | Learned a level 3 spell: Conjure Flame
  1868 | D:2      | Noticed Crazy Yiuf
  1893 | D:2      | Killed Crazy Yiuf
  1893 | D:2      | Reached skill level 4 in Fire Magic
  1939 | D:3      | Found a glowing drain.
  1939 | D:3      | Noticed Terence
  1943 | D:3      | Killed Terence
  1943 | D:3      | Reached XP level 5. HP: 38/38 MP: 5/9
  2073 | D:3      | Noticed Ijyb
  2097 | D:3      | Killed from afar by Ijyb

Skill      XL: |  1  2  3  4  5 |
---------------+----------------+-----
Conjurations   | 2 3 |  3.0
Spellcasting   | 3 |  3.1
Fire Magic     | 4 |  4.1
Dodging        | |  1.7
Stealth        | |  1.7

Action                   |  1- 3 |  4- 6 || total
-------------------------+-------+-------++-------
Melee: Dagger            |    47 |       ||    47
       Tailslap          |     8 |     2 ||    10
       Spear             |    80 |    35 ||   115
 Cast: Flame Tongue      |    29 |    33 ||    62
       Conjure Flame     |       |     2 ||     2
  Use: Scroll            |     4 |       ||     4
       Potion            |       |     2 ||     2
 Stab: Sleeping          |     3 |       ||     3
  Eat: Chunk             |     2 |       ||     2
       Bread ration      |       |     1 ||     1
Armor: Skin              |    40 |    19 ||    59
Dodge: Dodged            |   119 |    39 ||   158
